AoeStats
← Hubinaka

Black Forest

510055172Analyzed
2v2 RM · 3d ago on Sep 29, 2026· 78m 39s· 4 players
Game mode
Random Map
Map size
Medium (4 player)
Population
200
Speed
Normal
Resources
Standard
Victory
Conquest
Starting age
Dark Age
Ending age
Imperial Age
RankedLock teamsTeams togetherTeam positionsShared explorationLock speedFull tech treeHidden civsTurbo modeCheats
Victory
Defeat
🇩🇪 Saxons · Germany
927
+12
🇪🇸 Bohemians · Spain
897
+14
🇦🇺 Chinese · Australia
872
-14
🇫🇷 Bulgarians · France
819
-12
camiloandres2272
0:29 Loom
12:39 Feudal Age
17:00 Castle Age
15:36 Double-Bit Axe
15:35 Horse Collar
22:26 Bow Saw
23:31 Fishing Lines
23:57 Heavy Plow
31:18 Wheelbarrow
33:28 Imperial Age
33:11 Hand Cart
33:09 Gold Mining
33:10 Stone Mining
33:31 Arson
33:47 Squires
35:34 Two-Man Saw
34:57 Conscription
34:59 Rocketry
36:06 Chemistry
36:31 Gold Shaft Mining
36:08 Town Watch
35:49 Heavy Rocket Cart
35:59 Pikeman
36:45 Scale Mail Armor
36:56 Forging
36:40 Fletching
37:27 Town Patrol
37:47 Chain Mail Armor
38:12 Iron Casting
37:42 Elite Fire Lancer
38:33 Caravan
39:35 Scale Barding Armor
40:31 Blast Furnace
39:17 Halberdier
39:27 Light Cavalry
40:18 Bloodlines
40:09 Husbandry
40:36 Chain Barding Armor
43:43 Plate Barding Armor
50:08 Man-at-Arms
51:03 Long Swordsman
56:07 Two-Handed Swordsman
62:37 Champion
Hubinaka
11:13 Feudal Age
22:20 Castle Age
21:47 Forging
21:28 Fletching
22:17 Wheelbarrow
21:25 Horse Collar
22:26 Padded Archer Armor
24:26 Bodkin Arrow
26:16 Double-Bit Axe
26:50 Elite Skirmisher
28:15 Hand Cart
28:45 Ballistics
29:18 Heavy Plow
29:12 Stone Mining
29:26 Gold Mining
32:17 Leather Archer Armor
32:39 Iron Casting
32:10 Scale Barding Armor
34:13 Stone Shaft Mining
35:32 Light Cavalry
36:23 Bloodlines
36:14 Husbandry
37:16 Gold Shaft Mining
42:04 Chain Barding Armor
42:11 Caravan
52:52 Imperial Age
50:08 Town Watch
51:58 Stirrups
53:19 Elite Konnik
54:20 Conscription
61:27 Hussar
gabrissss
0:29 Loom
13:23 Feudal Age
19:47 Castle Age
18:28 Double-Bit Axe
18:35 Horse Collar
26:00 Bow Saw
27:25 Heavy Plow
27:53 Fletching
30:14 Bodkin Arrow
34:28 Imperial Age
32:35 Wheelbarrow
32:32 Padded Archer Armor
32:44 Forging
32:35 Scale Mail Armor
32:41 Scale Barding Armor
34:06 Chemistry
34:16 Leather Archer Armor
34:31 Pikeman
35:12 Squires
35:45 Chain Mail Armor
35:52 Murder Holes
37:14 Hand Cart
37:40 Iron Casting
37:05 Bracer
38:26 Caravan
38:56 Coinage
38:36 Guilds
38:26 Houfnice
41:53 Plate Mail Armor
44:04 Conscription
45:53 Halberdier
48:05 Elite Hussite Wagon
48:54 Wagenburg Tactics
50:57 Banking
51:49 Man-at-Arms
52:15 Arson
57:34 Long Swordsman
59:35 Blast Furnace
59:05 Ring Archer Armor
58:56 Chain Barding Armor
60:40 Cavalier
63:02 Light Cavalry
64:11 Bombard Tower
64:02 Fortified Wall
65:19 Two-Man Saw
73:02 Capped Ram
TTVBrophetLIVE
11:32 Feudal Age
12:50 Wheelbarrow
12:03 Double-Bit Axe
12:32 Horse Collar
13:49 Loom
17:22 Fletching
24:11 Castle Age
24:16 Padded Archer Armor
24:50 Bodkin Arrow
24:22 Crossbowman
25:40 Hand Cart
29:35 Thumb Ring
32:38 Stone Mining
32:43 Gold Mining
35:54 Imperial Age
33:58 Heavy Plow
36:41 Masonry
37:21 Gold Shaft Mining
37:25 Bow Saw
42:34 Bracer
42:48 Arbalester
43:45 Leather Archer Armor
45:04 Ring Archer Armor
45:15 Ballistics
45:56 Chemistry
45:02 Siege Engineers
45:28 Architecture
49:20 Pikeman
50:02 Squires
52:31 Forging
52:21 Scale Mail Armor
53:35 Arrowslits
55:50 Murder Holes
74:07 Elite Skirmisher
Connection lost

Rejoining the realm…

Still unreachable

The connection could not be restored.

Session expired

The server has moved on; the page needs a fresh start.